Map: Ruins of Endion

Players

Fropez - Winner!

  • Race: Protoss Protoss
  • League: Silver
  • Spawn Location: 7:00

GoldenGoose

  • Race: Protoss Protoss
  • League: Gold
  • Spawn Location: 5:00

VOD

Have the link to the VOD?

Description

Time

  • Played on: May 21, 2016, 11:05 p.m.
  • Length: 9:25
Show
View Real Time Build Order
Export as new Build Order

Fropez Protoss - Winner!

Build Orders:  

Get SALT Encoding   

  12  0:01  Probe (Chrono Boost)  
  13  0:17  Pylon  
  13  0:36  Gateway  
  13  0:40  Probe (Chrono Boost)  
  13  0:41  Assimilator  
  14  0:50  Pylon  
  14  0:52  Probe (Chrono Boost)  
  15  1:02  Probe (Chrono Boost)  
  16  1:22  Probe (Chrono Boost)  
  17  1:26  Cybernetics Core  
  17  1:29  Assimilator  
  17  1:32  Probe (Chrono Boost)  
  18  1:35  Zealot (Chrono Boost)  
  20  1:44  Probe  
  21  1:56  Probe  
  22  2:02  Warp Gate (Chrono Boost)  
  22  2:03  Stalker (Chrono Boost)  
  22  2:08  Probe  
  25  2:22  Mothership Core  
  27  2:29  Gateway  
  27  2:33  Forge  
  25  2:43  Probe  
  26  2:55  Probe  
  26  3:02  Pylon  
  26  3:08  Probe  
  26  3:10  Gateway  
  27  3:13  Photon Cannon  
  27  3:17  Protoss Ground Weapons Level 1 (Chrono Boost)  
  27  3:25  Stalker  
  29  3:34  Probe  
  30  3:44  Pylon  
  30  3:46  Probe  
  31  3:58  Gateway  
  31  4:00  Probe  
  32  4:05  Pylon  
  32  4:12  Probe  
  32  4:16  Stalker  
  35  4:18  Stalker  
  35  4:24  Probe  
  36  4:36  Probe  
  37  4:44  Pylon  
  37  4:49  Probe  
  37  4:51  Stalker x2  
  42  4:59  Twilight Council  
  42  5:01  Probe  
  43  5:13  Probe  
  44  5:18  Protoss Ground Armor Level 1 (Chrono Boost)  
  44  5:22  Stalker x2  
  44  5:27  Stalker  
  50  5:35  Blink (Chrono Boost)  
  50  5:38  Probe  
  51  5:50  Probe  
  52  6:05  Robotics Facility  
  52  6:06  Probe  
  52  6:08  Pylon  
  52  6:09  Stalker  
  55  6:11  Stalker  
  55  6:18  Probe  
  58  6:27  Stalker  
  58  6:30  Probe  
  61  6:33  Stalker  
  63  6:42  Stalker  
  65  6:53  Warp Prism  
  67  6:55  Probe  
  68  7:07  Stalker  
  70  7:19  Pylon  
  70  7:22  Pylon  
  71  7:30  Observer  
  71  7:54  Probe  
  72  8:09  Probe  
  71  8:21  Probe, Immortal  
  76  8:55  Stalker x3  
Show
View Real Time Build Order
Export as new Build Order

GoldenGoose Protoss 

Build Orders: Cannon Rush 

Get SALT Encoding   

  12  0:01  Probe (Chrono Boost)  
  13  0:11  Probe (Chrono Boost)  
  14  0:21  Pylon  
  14  0:26  Probe (Chrono Boost)  
  15  0:40  Probe (Chrono Boost)  
  15  0:41  Forge  
  16  1:06  Pylon  
  16  1:24  Pylon  
  16  1:29  Photon Cannon  
  16  1:34  Probe (Chrono Boost)  
  17  1:43  Photon Cannon  
  17  1:44  Probe (Chrono Boost)  
  18  1:52  Photon Cannon  
  18  1:55  Probe (Chrono Boost)  
  19  2:04  Photon Cannon  
  19  2:07  Probe (Chrono Boost)  
  20  2:22  Photon Cannon  
  20  2:27  Assimilator  
  21  2:30  Probe (Chrono Boost)  
  22  2:51  Probe (Chrono Boost)  
  22  3:02  Probe (Chrono Boost)  
  23  3:07  Gateway  
  23  3:10  Assimilator  
  23  3:12  Probe (Chrono Boost)  
  24  3:23  Probe (Chrono Boost)  
  25  3:32  Pylon  
  25  3:33  Probe (Chrono Boost)  
  26  3:37  Photon Cannon  
  26  3:41  Photon Cannon  
  26  3:44  Probe (Chrono Boost)  
  26  3:49  Pylon  
  26  3:54  Probe (Chrono Boost)  
  27  4:16  Nexus  
  27  4:22  Photon Cannon  
  27  4:26  Pylon  
  27  4:32  Probe (Chrono Boost)  
  28  4:43  Probe (Chrono Boost)  
  28  4:53  Probe (Chrono Boost)  
  29  5:04  Probe (Chrono Boost), Cybernetics Core, Photon Cannon  
  30  5:14  Probe (Chrono Boost)  
  31  5:23  Photon Cannon  
  31  5:25  Probe (Chrono Boost)  
  31  5:28  Probe (Chrono Boost)  
  34  5:35  Probe (Chrono Boost)  
  34  5:38  Probe (Chrono Boost)  
  35  5:46  Probe (Chrono Boost)  
  35  5:49  Probe (Chrono Boost)  
  37  5:51  Stargate  
  37  5:56  Probe (Chrono Boost)  
  38  5:59  Probe (Chrono Boost), Assimilator  
  38  6:03  Photon Cannon  
  39  6:07  Probe (Chrono Boost)  
  39  6:09  Assimilator  
  39  6:10  Probe (Chrono Boost)  
  41  6:18  Probe (Chrono Boost)  
  42  6:20  Probe (Chrono Boost)  
  43  6:28  Probe (Chrono Boost)  
  43  6:30  Photon Cannon  
  43  6:31  Pylon, Probe (Chrono Boost)  
  45  6:38  Pylon  
  45  6:39  Probe (Chrono Boost)  
  46  6:41  Probe (Chrono Boost)  
  46  6:44  Fleet Beacon  
  47  6:49  Probe (Chrono Boost)  
  47  6:51  Pylon  
  48  6:56  Probe (Chrono Boost)  
  48  7:00  Probe (Chrono Boost)  
  50  7:10  Probe (Chrono Boost)  
  51  7:19  Photon Cannon  
  51  7:21  Probe (Chrono Boost)  
  51  7:22  Probe (Chrono Boost)  
  53  7:27  Photon Cannon  
  53  7:31  Probe (Chrono Boost)  
  53  7:32  Probe (Chrono Boost)  
  53  7:34  Stargate  
  55  7:37  Stargate  
  55  7:42  Probe (Chrono Boost)  
  55  7:43  Probe (Chrono Boost)  
  57  7:45  Cybernetics Core  
  57  7:46  Photon Cannon  
  56  7:52  Probe (Chrono Boost)  
  56  7:53  Probe (Chrono Boost)  
  58  8:03  Probe (Chrono Boost)  
  58  8:04  Probe (Chrono Boost)  
  60  8:05  Nexus  
  60  8:11  Photon Cannon  
  60  8:13  Probe (Chrono Boost)  
  61  8:20  Photon Cannon  
  61  8:21  Photon Cannon  
  61  8:35  Photon Cannon x2  
  61  8:40  Pylon  
  61  8:44  Pylon, Probe x2 (Chrono Boost)  
  63  8:55  Probe x2 (Chrono Boost)  
Tags
 
Matchup
PvP
Replay Pack
All Mines
Spawn Locations
Close Positions
Add a new tag
Caveats
  • Supply blocks, unpowered buildings, or Contaminate may cause inaccurate times.
  • Supply counts are checked every 10 seconds.